 Dungeon Crawl Stone Soup version 0.18-a0-1794-g139b600 (webtiles) character file.

20575 Etesian the Destroyer (level 12, -11/59 HPs)
             Began as a Deep Elf Conjurer on Apr 22, 2016.
             Was a High Priest of Vehumet.
             Killed from afar by a fire dragon (42 damage)
             ... with a blast of flame
             ... on level 2 of the Lair of Beasts.
             The game lasted 01:28:09 (16907 turns).

Etesian the Destroyer (Deep Elf Conjurer)          Turns: 16907, Time: 01:28:10

Health: -11/59     AC:  6    Str:  5    XL:     12   Next: 46%
Magic:  3/30       EV: 19    Int: 26    God:    Vehumet [*****.]
Gold:   904        SH:  0    Dex: 15    Spells: 6 memorised, 13 levels left

rFire  . . .     SeeInvis .     P - +10 spear "Itwyoclo" {flame, rPois rN+ MR+}
rCold  . . .     Gourm    .     F - +1 robe {rN+}
rNeg   + + +     Faith    .     (no shield)
rPois  +         Spirit   .     p - +0 helmet
rElec  .         Dismiss  .     k - +0 cloak
rCorr  +         Reflect  .     (no gloves)
SustAt .         Harm     .     w - +0 pair of boots
MR     ++...                    (no amulet)
Stlth  ++........               y - ring of positive energy
                                E - ring of resist corrosion

@: very resistant to hostile enchantments, unstealthy
A: no striking features
a: Renounce Religion


You were on level 2 of the Lair of Beasts.
You worshipped Vehumet.
Vehumet was extremely pleased with you.
You were not hungry.

You visited 3 branches of the dungeon, and saw 14 of its levels.
You also visited: Sewer and Ossuary.

You collected 904 gold pieces.

Inventory:

Hand Weapons
 P - the +10 spear "Itwyoclo" (weapon) {flame, rPois rN+ MR+}
   (You found it on level 1 of the Lair of Beasts)

   It has been specially enchanted to burn those struck by it, causing extra
   injury to most foes and up to half again as much damage against particularly
   susceptible opponents.
   It protects you from poison.
   It protects you from negative energy.
   It affects your resistance to hostile enchantments.
Missiles
 v - a throwing net (quivered)
Armour
 k - a +0 cloak (worn)
 p - a +0 helmet (worn)
 w - a +0 pair of boots (worn)
 F - a +1 robe of positive energy (worn)
Jewellery
 y - a ring of positive energy (right hand)
 E - a ring of resist corrosion (left hand)
Wands
 l - a wand of lightning (7/15)
 m - a wand of lightning (8/15)
 I - a wand of disintegration (6/24)
Scrolls
 d - 3 scrolls of teleportation
 o - 2 scrolls of enchant weapon
 s - a scroll of enchant armour
 t - a scroll of recharging
 A - 4 scrolls of remove curse
 B - 3 scrolls of magic mapping
 D - 4 scrolls of immolation
 L - a scroll of amnesia
Potions
 a - a potion of heal wounds
 e - 4 potions of might
 f - 3 potions of flight
 h - 4 potions of lignification
 i - 2 potions of magic
 n - a potion of curing
 r - a potion of cancellation
 x - 2 potions of agility
 C - 2 potions of brilliance
 G - a potion of berserk rage
 J - a potion of resistance
Books
 b - a book of Conjurations

   Spells                             Type                      Level
   a - Magic Dart                     Conjuration                  1
   b - Searing Ray                    Conjuration                  2
   c - Dazzling Spray                 Conjuration/Hexes            3
   d - Fulminant Prism                Conjuration/Hexes            4
   e - Iskenderun's Mystic Blast      Conjuration                  4
   f - Iskenderun's Battlesphere      Conjuration/Charms           5
 q - Maeklel's Guide on Flamy Confrontation
   (You found it on level 4 of the Dungeon)

   Spells                             Type                      Level
   a - Throw Flame                    Conjuration/Fire             2
   b - Poisonous Cloud                Conjuration/Poison/Air       6
   c - Bolt of Cold                   Conjuration/Ice              6
   d - Iron Shot                      Conjuration/Earth            6
Comestibles
 c - 6 bread rations
 g - 10 meat rations
 j - 5 beef jerkies
 u - a chunk of flesh
 H - 2 royal jellies
 K - 2 fruits


   Skills:
 + Level 11.0 Dodging
 - Level 2.4 Stealth
 + Level 12.0 Spellcasting
 * Level 14.2 Conjurations
 - Level 5.0 Charms
 * Level 10.6 Earth Magic


You had 13 spell levels left.
You knew the following spells:

 Your Spells              Type           Power        Failure   Level  Hunger
a - Magic Dart            Conj           ####         0%          1    None
b - Searing Ray           Conj           ######       0%          2    None
c - Iskenderun's Mystic   Conj           ######..     1%          4    None
d - Iskenderun's Battles  Conj/Chrm      ######..     1%          5    ###....
e - Iron Shot             Conj/Erth      ######....   1%          6    #####..
f - Force Lance           Conj/Tloc      ######..     1%          4    None


Dungeon Overview and Level Annotations

Branches:
Dungeon (11/15)            Temple (1/1) D:7            Lair (2/8) D:9
    Orc (0/2) D:11

Altars:
Ashenzari
Cheibriados
Dithmenos
Elyvilon
Fedhas
Gozag
Kikubaaqudgha
Makhleb
Nemelex Xobeh
Okawaru
Pakellas
Qazlal
Ru
Sif Muna
Trog
Vehumet
Xom
Zin
The Shining One


Message History

Casting: Iron Shot
Confirm with . or Enter, or press ? or * to list all spells.
Aiming: Magic Dart
Press: ? - help, Shift-Dir - straight line, f/p - fire dragon
Aim: a fire dragon (almost dead, catching its breath)
The magic dart hits the fire dragon.
The fire dragon is almost dead.
* * * LOW MAGIC WARNING * * *
The fire dragon barely misses you.
The fire dragon claws you but does no damage.
The fire dragon tramples you but does no damage.
The fire dragon breathes flames at you. The blast of flame misses you.
The fire dragon breathes flames at you. The blast of flame hits you!
You take 28 damage, and have 31/59 hp.
MASSIVE DAMAGE!!
The fire dragon breathes flames at you. The blast of flame hits you!
Ouch! That really hurt!
You die...

..........# #.##
..........# #.#
..........# ##.#
###.......# #..#
##........# #D##
.#........#### #.#
.............# #.#
.#........##.####.#
..#.......##.##.@.#
.#........##....###
.##.......#######
###.......#####
..##...........
...#...........
...............
...#...รท.......
...............


You could see a fire dragon.

Vanquished Creatures
  Erolcha (D:9)
  The ghost of Laan the Severer, a journeyman FoFi of the Shining One (D:11)
  Sonja (Lair:1)
  Pikel (D:4)
  2 hill giants (D:10)
  A deep elf mage (D:10)
  An ugly thing (D:11)
  2 centaur zombies
  A manticore (D:11)
  7 spiny frogs
  A black mamba (Lair:1)
  3 komodo dragons
  A merfolk (D:10)
  5 blink frogs (Lair:2)
  A two-headed ogre (D:10)
  Prince Ribbit (D:9)
  22 yaks
  A wraith (D:10)
  A hippogriff (Lair:1)
  A basilisk (D:11)
  2 hungry ghosts (D:11)
  A soldier ant (D:9)
  2 water moccasins (Lair:2)
  5 orc warriors
  2 porcupines
  3 phantoms
  3 sky beasts
  An eye of draining (D:10)
  10 centaurs
  2 ice beasts
  4 ogres
  5 wolves (Lair:1)
  3 crocodiles
  An elf zombie (Ossuary)
  5 big kobolds
  5 giant frogs
  6 killer bees (D:11)
  A scorpion (D:6)
  4 wights (D:10)
  A troll zombie (D:11)
  2 howler monkeys
  An electric eel (Lair:1)
  A crimson imp (D:11)
  2 giant frog skeletons
  3 giant frog zombies
  A wasp zombie (D:7)
  A centaur skeleton (D:4)
  5 hounds
  6 jellies
  3 orc priests
  5 orc wizards
  6 iguanas
  A gnoll shaman (D:6)
  5 worker ants
  Crazy Yiuf (D:4)
  A killer bee zombie (D:5)
  4 sheep (Lair:2)
  2 big kobold zombies (Ossuary)
  4 ogre zombies (D:11)
  5 hound zombies
  A hound skeleton (D:10)
  4 mummies (Ossuary)
  2 howler monkey zombies
  Robin (D:2)
  3 worker ant zombies
  7 gnolls
  A howler monkey skeleton (D:7)
  14 adders
  25 river rats
  2 shadow imps
  9 oozes
  An adder zombie (Ossuary)
  9 worms
  6 dart slugs
  5 giant geckos
  33 orcs
  6 giant cockroaches
  21 goblins
  5 hobgoblins
  12 jackals
  8 quokkas
  2 ball pythons
  8 bats
  A giant cockroach zombie (D:5)
  2 giant gecko zombies
  4 giant newts
  A gnoll zombie (Ossuary)
  2 goblin skeletons (D:11)
  4 goblin zombies
  3 hobgoblin zombies (D:11)
  A jackal skeleton (D:8)
  A jackal zombie (D:7)
  17 kobolds
  2 kobold zombies (Ossuary)
  An orc skeleton (D:11)
  12 orc zombies
  A quokka zombie (D:5)
  14 rats
431 creatures vanquished.

Vanquished Creatures (others)
  A troll (D:11)
  2 slaves (D:4)
  A wight (D:10)
  A giant frog zombie (D:10)
  An orc wizard (D:4)
  A hound (D:10)
  A hound skeleton (D:4)
  A worker ant zombie (D:10)
  2 orcs (D:4)
  A ball python (D:4)
  2 plants
14 creatures vanquished.

Grand Total: 445 creatures vanquished

Notes
Turn   | Place    | Note
--------------------------------------------------------------
     0 | D:1      | Etesian the Deep Elf Conjurer began the quest for the Orb.
     0 | D:1      | Reached XP level 1. HP: 10/10 MP: 6/6
   385 | D:1      | Reached XP level 2. HP: 15/15 MP: 5/8
   402 | D:1      | Learned a level 2 spell: Searing Ray
   605 | D:1      | Reached skill level 5 in Conjurations
  1050 | D:1      | Reached XP level 3. HP: 19/19 MP: 7/9
  1512 | D:2      | Noticed Robin
  1837 | D:2      | Killed Robin
  1837 | D:2      | Reached XP level 4. HP: 17/24 MP: 2/11
  2038 | D:2      | Noticed a moth of wrath
  2041 | D:2      | Found a bloodstained altar of Trog.
  2178 | D:2      | Learned a level 4 spell: Iskenderun's Mystic Blast
  2313 | D:2      | Found a stormy altar of Qazlal.
  2829 | D:3      | Reached XP level 5. HP: 28/28 MP: 6/13
  2993 | D:3      | Reached skill level 6 in Conjurations
  3123 | D:3      | Found a glowing drain.
  3160 | Sewer    | Entered a sewer
  3407 | Sewer    | Reached XP level 6. HP: 28/32 MP: 10/15
  3461 | Sewer    | Reached skill level 5 in Spellcasting
  3748 | Sewer    | Reached skill level 7 in Conjurations
  3889 | Sewer    | Reached XP level 7. HP: 36/36 MP: 8/17
  4043 | Sewer    | Reached skill level 5 in Dodging
  4776 | D:4      | Noticed Pikel
  4785 | D:3      | Learned a level 5 spell: Iskenderun's Battlesphere
  4880 | D:4      | Noticed Crazy Yiuf
  4884 | D:4      | Paralysed by Crazy Yiuf for 3 turns
  4887 | D:4      | Killed Crazy Yiuf
  4887 | D:4      | Reached skill level 1 in Charms
  4968 | D:4      | Killed Pikel
  4968 | D:4      | Reached skill level 8 in Conjurations
  4968 | D:4      | Reached XP level 8. HP: 41/41 MP: 1/19
  5227 | D:4      | Reached skill level 5 in Charms
  5305 | D:4      | Identified Maeklel's Guide on Flamy Confrontation (You found it on level 4 of the Dungeon)
  5801 | D:5      | Entered Level 5 of the Dungeon
  5821 | D:5      | Reached skill level 9 in Conjurations
  6002 | D:5      | Found a snail-covered altar of Cheibriados.
  6002 | D:5      | Found a sparkling altar of Nemelex Xobeh.
  6522 | D:5      | Found an ancient bone altar of Kikubaaqudgha.
  6522 | D:5      | Found an iron altar of Okawaru.
  7167 | D:6      | Reached XP level 9. HP: 40/45 MP: 14/22
  7914 | D:7      | Found a sacrificial altar of Ru.
  7954 | D:7      | Found a staircase to the Ecumenical Temple.
  7971 | Temple   | Entered the Ecumenical Temple
  8097 | Temple   | Became a worshipper of Vehumet
  8156 | D:7      | Reached skill level 10 in Conjurations
  8531 | D:7      | Learned a level 6 spell: Iron Shot
  8551 | D:7      | Reached skill level 1 in Earth Magic
  8886 | D:8      | Found a shimmering altar of Xom.
  9069 | D:8      | Found a sand-covered staircase.
  9109 | Ossuary  | Entered an ossuary
  9112 | Ossuary  | Reached * piety under Vehumet
  9112 | Ossuary  | Offered knowledge of Freeze by Vehumet.
  9854 | D:8      | Found a glowing silver altar of Zin.
  9908 | D:8      | Found a burning altar of Makhleb.
  9921 | D:8      | Noticed an angel
  9923 | D:8      | Noticed a cacodemon
 10149 | D:9      | Offered knowledge of Throw Frost by Vehumet.
 10181 | D:9      | Reached ** piety under Vehumet
 10181 | D:9      | Reached skill level 11 in Conjurations
 10255 | D:9      | Found a staircase to the Lair.
 10256 | D:9      | Noticed a komodo dragon
 10288 | D:9      | Noticed Prince Ribbit
 10296 | D:9      | Killed Prince Ribbit
 10296 | D:9      | Reached XP level 10. HP: 50/50 MP: 12/25
 10306 | D:9      | Found a white marble altar of Elyvilon.
 10366 | D:9      | Found an opulent altar of Gozag.
 10574 | D:9      | Noticed Erolcha
 10904 | D:10     | Entered Level 10 of the Dungeon
 11083 | D:10     | Reached skill level 5 in Earth Magic
 11401 | D:10     | Noticed a deep elf mage
 11406 | D:10     | Noticed a rust devil
 11414 | D:10     | Noticed a sixfirhy
 11596 | D:10     | Noticed a hill giant
 11607 | D:10     | Killed a hill giant
 11623 | D:10     | Noticed a hill giant
 11629 | D:10     | Killed a hill giant
 11629 | D:10     | Reached skill level 10 in Spellcasting
 11713 | D:10     | Killed a deep elf mage
 11714 | D:10     | Noticed an orange demon
 11887 | D:10     | Offered knowledge of Mephitic Cloud by Vehumet.
 11960 | D:10     | Reached skill level 12 in Conjurations
 12265 | D:11     | Found a staircase to the Orcish Mines.
 12296 | D:11     | Noticed Laan's ghost (journeyman FoFi)
 12302 | D:11     | Noticed a cyan ugly thing
 12309 | D:11     | Noticed a manticore
 12319 | D:11     | Reached *** piety under Vehumet
 12553 | D:11     | Killed a cyan ugly thing
 12553 | D:11     | Reached XP level 11. HP: 49/54 MP: 12/27
 12948 | D:11     | Offered knowledge of Olgreb's Toxic Radiance by Vehumet.
 13233 | D:11     | Killed Laan's ghost
 13652 | D:11     | Noticed a hill giant
 13863 | D:11     | Reached **** piety under Vehumet
 14249 | Lair:1   | Entered Level 1 of the Lair of Beasts
 14256 | Lair:1   | Reached skill level 10 in Dodging
 14344 | Lair:1   | Offered knowledge of Stone Arrow by Vehumet.
 14601 | Lair:1   | Noticed Sonja
 14606 | Lair:1   | Killed Sonja
 14606 | Lair:1   | Reached skill level 13 in Conjurations
 14692 | Lair:1   | Got a warped quarterstaff
 14698 | Lair:1   | Identified the +1 quarterstaff "Feuk" {holy, Dex+5} (You found it on level 1 of the Lair of Beasts)
 15045 | Lair:1   | Reached XP level 12. HP: 46/59 MP: 8/29
 15118 | Lair:1   | Got a crude spear
 15119 | Lair:1   | Identified the +10 spear "Itwyoclo" {flame, rPois rN+ MR+} (You found it on level 1 of the Lair of Beasts)
 15279 | D:9      | Killed Erolcha
 15279 | D:9      | Reached skill level 10 in Earth Magic
 15493 | Lair:1   | Reached ***** piety under Vehumet
 15500 | Lair:1   | Offered knowledge of Force Lance by Vehumet.
 15515 | Lair:1   | Learned a level 4 spell: Force Lance
 16349 | Lair:2   | Reached skill level 14 in Conjurations
 16885 | Lair:2   | Noticed a fire dragon
 16907 | Lair:2   | Killed from afar by a fire dragon

Vault maps used:
D:1:      evilmike_arrival_fibonacci_small
D:2:      lemuel_crystal_altar, tgw_trog, first_bread, serial_park_tiny_1,
          uniq_robin
D:3:      gup_sewer_entry_spiral, minmay_misc_feat_hallway
D:4:      minmay_surrounded, uniq_pikel, uniq_crazy_yiuf_cottage
D:5:      grunt_temple_overflow_open, gammafunk_temple_overflow_wave,
          serial_undead, serial_undead_e, serial_undead_e, serial_undead_a,
          serial_undead_f
D:7:      minmay_temple_entry_junction, minmay_misc_feat_diagonals,
          nicolae_ru_awakened_eye
D:8:      grunt_temple_overflow_order_and_chaos_2,
          nicolae_overflow_crystal_walls, nicolae_ossuary_entry_ruins
D:9:      kennysheep_ying_yang, nicolae_gozag_seed_capital, david_lair_shrubbed,
          uniq_prince_ribbit1, uniq_erolcha, uniq_gastronok
D:10:     hangedman_stone_soup
D:11:     zombieorc2_lemuel, minmay_strange_pillars, serial_park_tiny_2
Temple:   nicolae_temple_figure_zero
Lair:1:   serial_bayou_shore_a, serial_bayou_shore_b, grunt_megastairs_5,
          uniq_sonja
Lair:2:   dragon1_lemuel, grunt_megastairs_1
Sewer:    sewer_co_tree
Ossuary:  ossuary_minmay_tomb_2a

Skill      XL: |  1  2  3  4  5  6  7  8  9 10 11 12 |
---------------+-------------------------------------+-----
Conjurations   | 5 6 7 8 9 11 12 13 14 | 14.2
Dodging        | 3 4 5 7 8 9 10 11 | 11.0
Spellcasting   | 4 5 6 7 9 10 11 12 | 12.0
Charms         | 4 5 |  5.0
Earth Magic    | 4 7 9 10 | 10.6
Stealth        | |  2.4

Action                   |  1- 3 |  4- 6 |  7- 9 | 10-12 || total
-------------------------+-------+-------+-------+-------++-------
Melee: Dagger            |    35 |    18 |     7 |       ||    60
       War axe           |       |       |    40 |    15 ||    55
       Spear             |       |       |       |     7 ||     7
Throw: Throwing net      |       |       |       |     1 ||     1
 Cast: Magic Dart        |    76 |    70 |   128 |   215 ||   489
       Searing Ray       |     3 |    27 |    89 |    87 ||   206
       Iskenderun's Myst |       |       |    24 |    48 ||    72
       Iskenderun's Batt |       |       |     5 |    45 ||    50
       Iron Shot         |       |       |       |    19 ||    19
  Use: Scroll            |       |     6 |    13 |    11 ||    30
       Potion            |       |       |       |     2 ||     2
 Stab: Sleeping          |     1 |     1 |     1 |     1 ||     4
  Eat: Chunk             |     3 |     7 |    13 |    28 ||    51
       Bread ration      |       |       |     2 |       ||     2
       Royal jelly       |       |       |       |     2 ||     2
Armor: Robe              |     6 |     6 |    33 |    38 ||    83
Dodge: Dodged            |    26 |    24 |   147 |   163 ||   360
